 Dungeon Crawl Stone Soup version 0.31-a0-1447-g87ca8d4 (webtiles) character file.

Game seed: 9537073495397858702

126 samfromsteam the Trooper (level 4, -1/41 HPs)
             Began as a Minotaur Berserker on Dec 27, 2023.
             Was a Believer of Trog.
             Incinerated by a bombardier beetle (4 damage)
             ... with a burning spray
             ... on level 4 of the Dungeon.
             The game lasted 00:05:58 (2448 turns).

samfromsteam the Trooper (Minotaur Berserker)       Turns: 2448, Time: 00:05:58

Health: -1/41      AC:  5    Str: 24    XL:     4   Next: 84%
Magic:  3/3        EV: 26    Int:  4    God:    Trog [**....]
Gold:   258        SH:  0    Dex:  9    Spells: 3/3 levels left

rFire   . . .        a - +0 hand axe
rCold   . . .        (no shield)
rNeg    . . .        g - +0 ring mail
rPois   .            (helmet restricted)
rElec   .            (no cloak)
rCorr   .            (no gloves)
SInv    .            (no boots)
Will    .....        m - amulet of the acrobat Stlth
                     (no ring)
HPRegen 0.26/turn    (no ring)
MPRegen 0.08/turn

%: acrobat
@: on fire, acrobatic, glowing
A: horns 2, retaliatory headbutt
a: Renounce Religion, Berserk, Trog's Hand


You were on level 4 of the Dungeon.
You worshipped Trog.
Trog was pleased with you.
You visited 1 branch of the dungeon, and saw 4 of its levels.

You collected 258 gold pieces.

Inventory:

Hand Weapons
 a - a +0 hand axe (weapon)
Missiles
 e - a throwing net {!f}
Armour
 g - a +0 ring mail (worn)
Jewellery
 m - an amulet of the acrobat (around neck)
Wands
 k - a wand of mindburst (23)
Scrolls
 b - 2 scrolls of fog {unknown}
 d - 2 scrolls of identify {unknown}
 f - a scroll of torment {unknown}
 h - a scroll of silence {unknown}
 i - a scroll of poison {unknown}
 j - 2 scrolls of teleportation {unknown}
 l - a scroll of amnesia {unknown}
 n - a scroll of immolation {unknown}
 o - a scroll of summoning {unknown}
 p - a scroll of blinking {unknown}
Potions
 c - a potion of mutation {unknown}


   Skills:
 + Level 4.6 Fighting
 + Level 4.5 Axes
 + Level 3.7 Armour
 + Level 3.3 Dodging


You had 3 spell levels left.
You didn't know any spells.
Your spell library contained the following spells:

 Spells                   Type           Power      Damage    Failure   Level
 Slow                     Hex            0%         N/A       65%         1
 Confusing Touch          Hex            0%         N/A       95%         3
 Gell's Gravitas          Tloc           0%         N/A       95%         3
 Sigil of Binding         Hex            0%         N/A       95%         3
 Teleport Other           Tloc           0%         N/A       95%         3
 Tukima's Dance           Hex            0%         N/A       95%         3
 Vampiric Draining        Necr           0%         2d6       95%         3
 Dimensional Bullseye     Hex/Tloc       0%         N/A       100%        4
 Iskenderun's Mystic Bla  Conj/Tloc      0%         2d3       100%        4
 Olgreb's Toxic Radiance  Alch           0%         N/A       100%        4
 Dispersal                Tloc           0%         N/A       100%        6
 Ozocubu's Refrigeration  Ice            0%         4d7       100%        7
 Discord                  Hex            0%         N/A       100%        8


Dungeon Overview and Level Annotations

Branches:
Dungeon (4/15)
 Temple: D:4-7

Altars:
Elyvilon
Okawaru
Xom

Shops:
D:2 :*[


Innate Abilities, Weirdness & Mutations

You have a pair of horns on your head.
You reflexively headbutt those who attack you in melee.


Message History

You hit the bombardier beetle. You headbutt the bombardier beetle.
The bombardier beetle is heavily wounded.
The bombardier beetle bites you but does no damage.
You hit the bombardier beetle.
Your headbutt misses the bombardier beetle.
The bombardier beetle is heavily wounded.
The bombardier beetle bites you.
You barely miss the bombardier beetle.
The bombardier beetle is heavily wounded.
You hit the bombardier beetle.
The bombardier beetle is severely wounded.
The bombardier beetle sprays incendiary fluid at you.
The burning spray hits you.
You are covered in liquid fire!
You hit the bombardier beetle. You headbutt the bombardier beetle.
You kill the bombardier beetle!
Trog accepts your kill. The liquid fire burns you!
No target in view!
No target in view!
No target in view!
No target in view!
No target in view!
No target in view!
No target in view!
No target in view!
Unknown command.
You are on fire!
You are on fire!
The liquid fire burns you! The liquid fire burns you!
The liquid fire burns you! The liquid fire burns you!
The liquid fire burns you! The liquid fire burns you!
* * * LOW HITPOINT WARNING * * *
The liquid fire burns you!
* * * LOW HITPOINT WARNING * * *
The liquid fire burns you!
You die...

#.....#.
......#.#####.
.....#.#####. ###
....#†#...#. #..
...#.#...#. #.#
..#.#...#. #.#
#.#....... #†#
#.###...## #@#
#.........
#.#######.###.....
#.......#.###.....
#######.#..##.....
#.....##.##...#.
#.....##.##...#.
#.....##.######.
#...............
########.#######


There were no monsters in sight!

Vanquished Creatures
  A bombardier beetle (D:4)
  3 adders
  A worm (D:3)
  2 dart slugs (D:3)
  7 ball pythons
  4 bats
  10 endoplasms
  A giant cockroach (D:3)
  5 goblins
  3 hobgoblins
  7 jackals
  6 kobolds
  A quokka (D:2)
  A frilled lizard (D:1)
  4 rats
56 creatures vanquished.

Notes
Turn   | Place    | Note
-------+----------+-------------------------------------------
     0 | D:1      | samfromsteam the Minotaur Berserker began the quest for the
                  | Orb.
     0 | D:1      | Reached XP level 1. HP: 19/19 MP: 0/0
   235 | D:1      | Reached XP level 2. HP: 27/27 MP: 1/1
   783 | D:2      | Found Tyixkeq's Armour Shop.
   848 | D:2      | Reached XP level 3. HP: 33/33 MP: 2/2
   874 | D:2      | Found a shimmering altar of Xom.
   908 | D:2      | Found Maaj's Book Shop.
   994 | D:2      | Found Ulioshrouqu's Assorted Antiques.
  1132 | D:2      | Reached ** piety under Trog
  1689 | D:3      | Found a faded altar of an unknown god.
  1699 | D:3      | Reached XP level 4. HP: 39/41 MP: 3/3
  1727 | D:3      | Found a white marble altar of Elyvilon.
  2293 | D:4      | Found an iron altar of Okawaru.
  2447 | D:4      | HP: 3/41 [burnt (6)]
  2448 | D:4      | Incinerated by a bombardier beetle

Illustrated notes

Levels and vault maps discovered:
D:1:      shiori_angband_town, layout_loops_ring
D:2:      layout_basic, basic_altar, serial_shops, shop,
          nicolae_shop_just_a_little_nook, shop, minmay_pentomino_q2
D:3:      layout_basic, nicolae_overflow_hidden_temple,
          hellmonk_ecumenical_altar_arch_garden
D:4:      layout_basic, mainiacjoe_overflow_six_doors_small, abandoned_shop

Skill      XL: |  1  2  3 |
---------------+----------+-----
Fighting       | 4 |  4.6
Axes           | 4 |  4.5
Armour         | 3 |  3.7
Dodging        | 3 |  3.3

Action                     |  1- 3 |  4- 6 || total
---------------------------+-------+-------++-------
  Melee: Hand axe          |    83 |    23 ||   106
         Headbutt          |    10 |     5 ||    15
         Punch             |       |     1 ||     1
 Invoke: Berserk           |     1 |       ||     1
 Armour: Animal skin       |    26 |       ||    26
         Ring mail         |    34 |    11 ||    45
  Dodge: Dodged            |    40 |     7 ||    47

Table legend: (Time is in decaauts)
 A = Elapsed time spent in this place.
 B = Non-inter-level travel time spent in this place.
 C = Inter-level travel time spent in this place.
 D = Time resting spent in this place.
 E = Time spent auto-exploring this place.
 F = Levels seen in this place.
 G = Mean time per level.
                   A        B        C        D        E       F      G
               +--------+--------+--------+--------+--------+-----+--------+
         Total |   2476 |   2188 |    288 |      2 |   1852 |   4 |  619.0 |
       Dungeon |   2476 |   2188 |    288 |      2 |   1852 |   4 |  619.0 |
               +--------+--------+--------+--------+--------+-----+--------+

Top non-repeatable levels by time:
     D:1: 786 daAuts
     D:2: 785 daAuts
     D:3: 737 daAuts
     D:4: 166 daAuts
